 Dungeon Crawl Stone Soup version 0.30-a0-651-g0755cc6dcf (webtiles) character file.

Game seed: 7409560168515593223

762 GabrielManson the Firebug (level 7, 0/45 HPs)
             Began as an Octopode Fire Elementalist on Dec 13, 2022.
             Shot with an arrow by a centaur (5 damage)
             ... on level 5 of the Dungeon on Jan 17, 2023.
             The game lasted 00:26:06 (5077 turns).

GabrielManson the Firebug (OpFE)                    Turns: 5077, Time: 00:26:07

Health: 0/45       AC:  1    Str:  7    XL:     7   Next: 81%
Magic:  7/10       EV: 13    Int: 18    God:
Gold:   258        SH:  5    Dex: 14    Spells: 3/10 levels left

rFire   . . .      SeeInvis .      - Unarmed
rCold   + . .      Faith    .    h - +0 buckler of Eternal Night {rC+ Will+}
rNeg    . . .      Spirit   .    (helmet restricted)
rPois   .          Reflect  .    (no amulet)
rElec   .          Harm     .    (no ring)
rCorr   .          Rampage  .    (no ring)
Will    +....                    (no ring)
Stlth   ++++                     (no ring)
HPRegen 0.27/turn                (no ring)
MPRegen 0.12/turn                (no ring)
                                 (no ring)
                                 (no ring)

@: no status effects
A: almost no armour, amphibious, 8 rings, camouflage 1, gelatinous body 1,
(nimble swimmer 1), tentacles
a: no special abilities


You were on level 5 of the Dungeon.
You visited 1 branch of the dungeon, and saw 5 of its levels.

You collected 258 gold pieces.

Inventory:

Armour
 h - the +0 buckler of Eternal Night (worn) {rC+ Will+}
   (You found it on level 4 of the Dungeon)

   rC:        It protects you from cold.
   Will:      It increases your willpower.
Wands
 a - a wand of polymorph (11)
 l - a wand of mindburst (20)
 q - a wand of iceblast (5)
Scrolls
 b - a scroll of poison {unknown}
 c - 9 scrolls of identify {unknown}
 d - 2 scrolls of blinking {unknown}
 e - 2 scrolls of fog {unknown}
 f - a scroll of enchant weapon {unknown}
 g - 2 scrolls of enchant armour {unknown}
 i - 3 scrolls of teleportation
 j - a scroll of summoning (quivered) {unknown}
 m - a scroll of amnesia {unknown}
 n - a scroll of acquirement {unknown}
 p - 2 scrolls of vulnerability {unknown}
Potions
 k - 2 potions of haste
 o - a potion of ambrosia {unknown}


   Skills:
 + Level 2.4 Fighting
 - Level 3.2 Dodging
 - Level 4.0 Stealth
 - Level 3.0 Shields
 + Level 2.6 Unarmed Combat
 - Level 2.3 Spellcasting
 - Level 1.0 Conjurations
 - Level 6.1 Fire Magic


You had 3 spell levels left.
You knew the following spells:

 Your Spells              Type           Power      Damage    Failure   Level
a - Foxfire               Conj/Fire      60%        2x1d7     5%          1
b - Scorch                Fire           48%        2d7       2%          2
c - Inner Flame           Hex/Fire       13%        N/A       19%         3
d - Magic Dart            Conj           20%        1d4       16%         1

Your spell library contained the following spells:

 Spells                   Type           Power      Damage    Failure   Level
 Kindle Blastsparks       Fire/Tloc/Air  18%        2d11      30%         3
 Call Imp                 Summ           2%         N/A       34%         2
 Mephitic Cloud           Conj/Pois/Air  3%         N/A       52%         3
 Flame Wave               Conj/Fire      15%        2d7       45%         4


Dungeon Overview and Level Annotations

Branches:
Dungeon (5/15)
 Temple: D:4-7

Altars:
Nemelex Xobeh
Ru

Shops:
D:1 (

Annotations:
D:3 Robin


Innate Abilities, Weirdness & Mutations

You cannot wear most types of armour.
You are amphibious.
You can wear up to eight rings at the same time.
Your skin changes colour to match your surroundings (Stealth+).
Your rubbery body absorbs attacks. (AC +1, EV +1)
((You are camouflaged when in or above water. (Stealth+)))
You have tentacles for arms and can constrict up to eight enemies at once.


Message History

Flames lash the jelly.
The jelly quivers.
The jelly is severely wounded.
The jelly's fire resistance burns away.
The jelly hits you.
You are splashed with acid!
Casting: Scorch (safe; 2% risk of failure)
Confirm with . or Enter, or press ? or * to list all spells.
Flames lash the jelly.
The jelly is burned terribly!
You kill the jelly!
e - 2 scrolls labelled DUECLAWERU (gained 1)
You start resting.
Magic restored.
You start resting.
HP restored.
A black bear comes into view.
A centaur comes into view.
Casting: Scorch (safe; 2% risk of failure)
Confirm with . or Enter, or press ? or * to list all spells.
Flames lash the centaur.
The centaur is lightly wounded.
The centaur's fire resistance burns away.
The black bear growls angrily.
The centaur wields a +0 shortbow.
The centaur shoots an arrow.
The arrow hits you!
The centaur shoots an arrow.
The arrow hits you!
The centaur shoots an arrow.
You block the arrow.
Casting: Scorch (safe; 2% risk of failure)
Confirm with . or Enter, or press ? or * to list all spells.
You conjure some foxfire!
The centaur is no longer more vulnerable to fire.
Your foxfire dissipates!
The foxfire hits the centaur.
The centaur is lightly wounded.
The centaur shoots an arrow.
The arrow hits you!
* * * LOW HITPOINT WARNING * * *
The centaur shoots an arrow.
The arrow barely misses you.
The centaur shoots an arrow.
The arrow hits you!
* * * LOW HITPOINT WARNING * * *
The centaur shoots an arrow.
The arrow hits you.
You die...

..####.# .......# #.#
#.###### #.# #+## #.# ...##
#.##### # ....## ##.#...#
###.# .....# ##......# ... ##
......####...#...#####.#...##
................@...ch.......
.............##.######.#...##
.....#.####..##.# .# ##
....##.# ##.##.# .. ...###.#
###.##.# .## #+## #.#
#......# .# #.# #.# #.#.####
.# #.# #.# #.#.# .. #.##
#.###.#.#


You could see a black bear and a centaur.

Vanquished Creatures
  Eustachio (D:4)
  A black bear (D:4)
  A necrophage (D:2)
  A howler monkey (D:4)
  A jelly (D:5)
  A gnoll bouda (D:4)
  2 orc priests
  Jessica (D:3)
  Natasha (D:3)
  An iguana (D:4)
  5 orc wizards
  2 adders (D:2)
  2 gnolls (D:5)
  2 dart slugs
  12 orcs
  8 ball pythons
  7 endoplasms
  6 giant cockroaches
  13 goblins
  3 hobgoblins (D:3)
  6 kobolds
  2 quokkas
  6 bats
  2 frilled lizards
  7 rats
94 creatures vanquished.

Vanquished Creatures (others)
  47 foxfires
47 creatures vanquished.

Grand Total: 141 creatures vanquished

Notes
Turn   | Place    | Note
-------+----------+-------------------------------------------
     0 | D:1      | GabrielManson the Octopode Fire Elementalist began the
                  | quest for the Orb.
     0 | D:1      | Reached XP level 1. HP: 11/11 MP: 3/3
   189 | D:1      | Reached XP level 2. HP: 18/18 MP: 1/5
   282 | D:1      | Reached skill level 1 in Unarmed Combat
   330 | D:1      | Learned a level 2 spell: Scorch
   441 | D:1      | Found Uwia's Weapon Emporium.
   934 | D:2      | Reached skill level 1 in Fighting
   934 | D:2      | Reached XP level 3. HP: 18/23 MP: 2/6
  1072 | D:2      | You fall into a shaft and drop 2 floors!
  1097 | D:4      | Identified the +0 buckler of Eternal Night {rC+ Will+}
  1109 | D:3      | Noticed Natasha
  1186 | D:2      | Reached skill level 1 in Shields
  1744 | D:2      | Noticed a necrophage
  1767 | D:2      | Killed a necrophage
  1768 | D:2      | Reached XP level 4. HP: 11/28 MP: 1/7
  1768 | D:2      | Reached XP level 5. HP: 13/33 MP: 1/8
  2365 | D:3      | Noticed Jessica
  2371 | D:3      | Killed Jessica
  2616 | D:3      | Noticed Robin
  2635 | D:3      | HP: 1/33 [goblin/+0 dagger[Robin] (2)]
  2789 | D:3      | Killed Natasha
  2886 | D:3      | Reached XP level 6. HP: 32/39 MP: 4/9
  3363 | D:3      | HP: 1/39 [something/magic dart (6)]
  3744 | D:4      | Learned a level 3 spell: Inner Flame
  3909 | D:4      | Noticed Eustachio
  3921 | D:4      | Killed Eustachio
  3922 | D:4      | Reached skill level 4 in Fire Magic
  3922 | D:4      | Reached XP level 7. HP: 45/45 MP: 2/10
  4190 | D:4      | Reached skill level 5 in Fire Magic
  4282 | D:5      | Entered Level 5 of the Dungeon
  4716 | D:5      | Learned a level 1 spell: Magic Dart
  4721 | D:5      | Reached skill level 6 in Fire Magic
  4957 | D:5      | Found a sacrificial altar of Ru.
  4958 | D:5      | Found a sparkling altar of Nemelex Xobeh.
  4966 | D:5      | Upgraded the game from 0.30-a0-457-g4b7bca3bfa to
                  | 0.30-a0-651-g0755cc6dcf
  5077 | D:5      | Shot with an arrow by a centaur

Illustrated notes

Levels and vault maps discovered:
D:1:      lemuel_arrival_cross, layout_loops_ring, serial_shops,
          nicolae_shop_statue_plus
D:2:      layout_basic
D:3:      layout_basic, uniq_jessica, uniq_natasha, uniq_robin
D:4:      layout_rooms, uniq_eustachio
D:5:      layout_loops_corners, nicolae_overflow_squiral,
          minmay_temple_entry_overgrown

Skill      XL: |  1  2  3  4  5  6  7 |
---------------+----------------------+-----
Unarmed Combat | 1 2 |  2.6
Fighting       | 1 2 |  2.4
Shields        | 3 |  3.0
Stealth        | 3 4 |  4.0
Dodging        | 3 |  3.2
Fire Magic     | 4 6 |  6.1
Spellcasting   | |  2.3
Conjurations   | |  1.0

Action                   |  1- 3 |  4- 6 |  7- 9 || total
-------------------------+-------+-------+-------++-------
Melee: Unarmed           |    57 |    85 |    17 ||   159
       Tentacles         |    14 |    19 |     4 ||    37
       Constrict         |    12 |    23 |     7 ||    42
       Punch             |     1 |       |     1 ||     2
 Cast: Foxfire           |    19 |     7 |     4 ||    30
       Scorch            |     7 |    25 |    23 ||    55
       Inner Flame       |       |     1 |     3 ||     4
  Use: Potion            |     1 |     4 |       ||     5
       Scroll            |       |     1 |       ||     1
 Stab: Sleeping          |    10 |     6 |       ||    16
Armor: Skin              |     2 |    10 |       ||    12
Dodge: Dodged            |    35 |    57 |    16 ||   108
Block: Buckler           |     1 |    22 |     5 ||    28

Table legend: (Time is in decaauts)
 A = Elapsed time spent in this place.
 B = Non-inter-level travel time spent in this place.
 C = Inter-level travel time spent in this place.
 D = Time resting spent in this place.
 E = Time spent auto-exploring this place.
 F = Levels seen in this place.
 G = Mean time per level.
                   A        B        C        D        E       F      G
               +--------+--------+--------+--------+--------+-----+--------+
         Total |   5079 |   5031 |     48 |   1338 |   2391 |   5 | 1015.8 |
       Dungeon |   5079 |   5031 |     48 |   1338 |   2391 |   5 | 1015.8 |
               +--------+--------+--------+--------+--------+-----+--------+

Top non-repeatable levels by time:
     D:3: 1484 daAuts
     D:2: 1282 daAuts
     D:4: 917 daAuts
     D:1: 861 daAuts
     D:5: 534 daAuts
